Map: Lost and Found LE

Players

Harstem - Winner!

  • Race: Protoss Protoss
  • League: Master
  • Spawn Location: 1:00

InZaNe

  • Race: Terran Terran
  • League: Grandmaster
  • Spawn Location: 7:00

Event: HomeStory Cup XVII

VOD

Have the link to the VOD?

Description

Time

  • Played on: June 28, 2018, 6:40 a.m.
  • Length: 4:20

All games in this series

Show
View Real Time Build Order
Export as new Build Order

Harstem Protoss - Winner!

Build Orders: 1 Gate Expand 

Get SALT Encoding   

  12  0:00  Probe  
  13  0:13  Probe  
  14  0:17  Pylon  
  14  0:24  Probe  
  15  0:32  Probe  
  15  0:37  Gateway  
  15  0:41  Probe  
  16  0:47  Assimilator  
  17  0:51  Probe  
  18  1:03  Probe  
  19  1:15  Probe  
  20  1:25  Cybernetics Core  
  20  1:34  Nexus  
  20  1:37  Probe  
  21  1:44  Pylon  
  21  1:52  Stalker  
  22  1:54  Assimilator  
  21  2:03  Shield Battery  
  21  2:07  Probe  
  24  2:12  Stalker  
  24  2:20  Probe  
  27  2:24  Shield Battery  
  27  2:32  Probe  
  28  2:41  Stalker  
  28  2:44  Probe  
  31  2:54  Probe  
  32  3:00  Probe  
  33  3:06  Probe  
  33  3:10  Stargate  
  33  3:12  Probe  
  35  3:18  Probe  
  36  3:24  Adept, Probe  
  39  3:30  Probe, Pylon  
  40  3:36  Probe  
  41  3:42  Probe  
  41  3:48  Probe  
  43  3:54  Probe  
  44  4:00  Probe  
  45  4:06  Probe  
  49  4:16  Nexus  
Show
View Real Time Build Order
Export as new Build Order

InZaNe Terran 

Build Orders:  

Get SALT Encoding   

  12  0:00  SCV  
  13  0:12  SCV  
  14  0:19  Supply Depot  
  14  0:24  SCV  
  15  0:41  Barracks  
  15  0:48  Barracks  
  15  0:53  Refinery  
  15  0:58  SCV  
  16  1:10  SCV  
  17  1:23  SCV  
  18  1:29  Barracks Tech Lab  
  18  1:35  Orbital Command  
  18  1:36  Marine  
  19  1:48  Marauder  
  19  1:53  Marine  
  22  1:55  Supply Depot, Concussive Shells  
  23  2:12  Marine  
  23  2:17  Marauder, SCV  
  26  2:29  SCV  
  27  2:30  Refinery, Barracks Reactor  
  27  2:38  Marauder  
  27  2:41  SCV  
  27  2:43  Supply Depot  
  30  2:53  SCV  
  29  3:05  SCV  
  27  3:08  Factory  
  25  3:20  SCV  
  25  3:21  Command Center  
  26  3:32  SCV  
  26  3:33  Marine x2  
  29  3:44  SCV  
  30  3:53  Marine  
  30  3:54  Marine  
  34  3:56  SCV  
  32  4:03  Starport  
  31  4:18  Supply Depot  
Tags
 
Add a new tag
Caveats
  • Supply blocks, unpowered buildings, or Contaminate may cause inaccurate times.
  • Supply counts are checked every 10 seconds.